 Dungeon Sprint DCSS version 0.21.1-1-g345015f (webtiles) character file.

2500000 Fang the Axe Maniac (level 17, -28/191 HPs)
             Began as a Minotaur Gladiator on May 11, 2018.
             Was an Elder of Makhleb.
             Annihilated by a large bag of meat
             ... wielding a +9 giant spiked club
              (114 damage)
             ... in the Dungeon (Sprint VIII: "Arena of Blood").
             The game lasted 00:00:17 (25 turns).

Fang the Axe Maniac (Minotaur Gladiator)              Turns: 25, Time: 00:00:18

Health: -28/191    AC:  6    Str: 25    XL:     17   Next: 91%
Magic:  16/16      EV: 29    Int:  5    God:    Makhleb [****..]
Gold:   0          SH:  0    Dex: 13    Spells: 16/16 levels left

rFire    . . .     SeeInvis .   l - +∞ Axe of Woe
rCold    . . .     Gourm    .   (shield currently unavailable)
rNeg     . . .     Faith    .   b - +0 leather armour
rPois    .         Spirit   .   c - +0 hat
rElec    .         Reflect  .   (no cloak)
rCorr    .         Harm     .   (no gloves)
MR       +....     NoTele   +   (no boots)
Stlth    +.........             (no amulet)
HPRegen  0.41/turn              (no ring)
MPRegen  0.15/turn              (no ring)

@: no status effects
A: retaliatory headbutt, horns 2
a: Minor Destruction, Lesser Servant of Makhleb, Major Destruction, Renounce
Religion


You were in the Dungeon.
You worshipped Makhleb.
Makhleb was greatly pleased with you.
You were not hungry.

You visited 1 branch

Inventory:

Hand Weapons
 a - a +0 war axe
 l - the +∞ Axe of Woe (weapon)
   (You found it in the Dungeon)
Missiles
 d - 3 throwing nets (quivered)
Armour
 b - a +0 leather armour (worn)
 c - a +0 hat (worn)
Scrolls
 k - a scroll of blinking
Potions
 e - a potion of curing
 g - a potion of heal wounds
 h - a potion of haste
 i - 2 potions of magic
 j - a potion of berserk rage
Comestibles
 f - a ration


   Skills:
 O Level 27 Fighting
 O Level 27 Axes
 O Level 27 Throwing
 O Level 27 Armour
 O Level 27 Dodging


You had 16 spell levels left.
You didn't know any spells.

Dungeon Overview and Level Annotations

Branches:
Dungeon (1/1)

Altars:
Makhleb


Innate Abilities, Weirdness & Mutations

You reflexively headbutt those who attack you in melee.
You have a pair of horns on your head.


Message History

You hit the bag of meat but do no damage.
You fatally mangle the bag of meat.
You kill the bag of meat!
Makhleb accepts your kill.
You have mastered Armour!
You hear a shout! x5 2 orcs and a vampire knight come into view.
The destroyer is wielding a +9 great sword of slicing. 2 orcs, 2 ogres and a two-headed ogre come into view.
The meat berserker shouts!
The large bag of meat shouts in stereo!
The bag of meat shouts! x2; You hear a shout! x4
The large bag of meat moves out of view.
The destroyer appears out of thin air!
A destroyer comes into view.
It is wielding a +9 great sword of slicing.
The large bag of meat hits you with a +9 giant spiked club!!!!
Ouch! That really hurt!
The destroyer shouts!
The large bag of meat hits you with a +9 giant spiked club!!!!
Ouch! That really hurt!
You die...

..... .. .#....... #...
.# . ...#.... #.... ..#
.O#.V....###.... ..###.
..o...........###......
.o....#O......._......
....#....O..#.)...#
#....O.....#_.<._#
#O.@..).#).)..#.
......#).))o..._......
.o.....)...V..###.o....
.O.o....O###.......###.


Vo........ #.......# ...........#.......# ..#.................
#.#.#.............. .#.#............... You could see 3 destroyers, 2 large bags
of meat, 5 meat berserkers and 6 bags of meat.

Vanquished Creatures
  3 ogres (D)
  9 orcs (D)
12 creatures vanquished.

Notes
Turn   | Place    | Note
-------+----------+-------------------------------------------
     0 | D        | Found the +∞ Axe of Woe
     0 | D        | Fang the Minotaur Gladiator began the quest for the Orb.
     0 | D        | Reached XP level 1. HP: 18/18 MP: 0/0
     3 | D        | Noticed a bag of meat
     4 | D        | Became a worshipper of Makhleb the Destroyer
     5 | D        | Noticed a bag of meat
     6 | D        | Noticed a bag of meat
     6 | D        | Noticed a bag of meat
     6 | D        | Noticed a bag of meat
     6 | D        | Noticed a bag of meat
     9 | D        | Noticed a meat berserker
    10 | D        | Killed a bag of meat
    10 | D        | Reached skill level 10 in Throwing
    10 | D        | Reached XP level 2. HP: 41/41 MP: 1/1
    10 | D        | Reached XP level 3. HP: 48/48 MP: 2/2
    10 | D        | Reached XP level 4. HP: 56/56 MP: 3/3
    10 | D        | Reached XP level 5. HP: 62/62 MP: 4/4
    10 | D        | Reached XP level 6. HP: 70/70 MP: 5/5
    10 | D        | Reached XP level 7. HP: 77/77 MP: 6/6
    10 | D        | Reached XP level 8. HP: 83/83 MP: 7/7
    10 | D        | Reached XP level 9. HP: 90/90 MP: 8/8
    10 | D        | Reached XP level 10. HP: 97/97 MP: 9/9
    10 | D        | Reached XP level 11. HP: 104/104 MP: 10/10
    10 | D        | Killed a bag of meat
    10 | D        | Reached * piety under Makhleb
    10 | D        | Reached XP level 12. HP: 116/116 MP: 11/11
    11 | D        | Noticed a meat berserker
    11 | D        | Killed a bag of meat
    11 | D        | Reached skill level 15 in Fighting
    11 | D        | Reached skill level 1 in Armour
    11 | D        | Reached XP level 13. HP: 124/127 MP: 12/12
    12 | D        | Killed a bag of meat
    12 | D        | Reached XP level 14. HP: 137/137 MP: 13/13
    12 | D        | Noticed a bag of meat
    13 | D        | Killed a meat berserker
    13 | D        | Reached ** piety under Makhleb
    13 | D        | Reached skill level 27 in Axes
    13 | D        | Reached skill level 27 in Dodging
    13 | D        | Reached XP level 15. HP: 155/155 MP: 14/14
    14 | D        | Killed a meat berserker
    17 | D        | Noticed a meat berserker
    18 | D        | Reached skill level 10 in Armour
    18 | D        | Reached XP level 16. HP: 180/180 MP: 15/15
    18 | D        | Reached *** piety under Makhleb
    18 | D        | Reached skill level 27 in Fighting
    21 | D        | Noticed a large bag of meat
    21 | D        | Noticed a large bag of meat
    21 | D        | Killed a meat berserker
    21 | D        | Reached skill level 27 in Throwing
    21 | D        | Reached XP level 17. HP: 191/191 MP: 16/16
    23 | D        | Noticed a meat berserker
    23 | D        | Noticed a meat berserker
    24 | D        | Noticed a meat berserker
    24 | D        | Noticed a destroyer
    24 | D        | Reached **** piety under Makhleb
    24 | D        | Reached skill level 27 in Armour
    25 | D        | Noticed a destroyer
    25 | D        | Noticed a meat berserker
    25 | D        | Noticed a meat berserker
    25 | D        | Noticed a large bag of meat
    25 | D        | Noticed a destroyer
    25 | D        | Annihilated by a large bag of meat

Skill      XL: |  1  2  3  4  5  6  7  8  9 10 11 12 13 14 15 16 17 |
---------------+----------------------------------------------------+-----
Fighting       | 12 13 15 16 19 25 27 | 27.0
Axes           | 20 23 25 26 27 | 27.0
Throwing       | 10 11 12 13 16 21 27 | 27.0
Dodging        | 18 21 23 24 27 | 27.0
Armour         | 1 2 4 10 22 27 | 27.0

Action                   |  1- 3 |  4- 6 |  7- 9 | 10-12 | 13-15 | 16-18 || total
-------------------------+-------+-------+-------+-------+-------+-------++-------
Melee: Executioner's axe |     1 |       |       |     1 |     4 |     3 ||     9
Dodge: Dodged            |       |       |       |       |     1 |     2 ||     3
